[Event "Team 45 45 League T51"]
[Site "Internet Chess Club"]
[Date "2011.12.12"]
[Round "5"]
[White "vigneshv"]
[Black "quotha"]
[Result "1-0"]
[WhiteElo "1614"]
[BlackElo "1748"]
[Opening "QGD: exchange, positional line"]
[ECO "D35"]
[Time "17:55:18"]
[TimeControl "2700+45"]

1. d4 d5 2. c4 e6 3. Nc3 Nf6 4. cxd5 exd5 5. Bg5 Be7 6. e3 c6 7. Qc2 Nbd7 8. Bd3
h6 9. Bh4 Ng4 10. Bxe7 Qxe7 11. h3 Ngf6 12. Nge2 Nf8 13. O-O-O Bd7 14. Kb1 Ne6
15. Rc1 O-O 16. g4 Ng5 17. f4 Nge4 18. Nxe4 dxe4 19. Bc4 Nd5 20. Bxd5 cxd5 21.
Rhg1 Bb5 22. Qd1 Rfc8 23. Nc3 Bc4 24. g5 hxg5 25. Rxg5 Qe6 26. Qg1 Bd3+ 27. Ka1
Qh6 28. Nxd5 Rxc1+ 29. Qxc1 Qxh3 30. Nf6+ Kh8 31. Rh5+ Qxh5 32. Nxh5 g6 33. Nf6
Kg7 34. Ng4 Rh8 35. b4 Rh4 36. Qg1 Rh3 37. Ne5 Be2 38. f5 Bh5 39. fxg6 fxg6 40.
Qf1 Rxe3 41. Qf7+ Kh8 42. Qf6+ Kh7 43. Qf7+ Kh8 44. Qxb7 Re1+ 45. Kb2 e3 46.
Nf7+ Kg8 47. Ng5 Re2+ 48. Kc3 Rf2 49. Qd5+ Kf8 50. Qd6+ Kg7 51. Qe5+ Kf8 52.
Qxe3 Rf5 53. Ne6+ Kf7 54. Kc4 Rf3 55. Ng5+ {Black resigns} 1-0

[Event "Team 45 45 League T51"]
[Site "Internet Chess Club"]
[Date "2011.12.14"]
[Round "5"]
[White "jorobo"]
[Black "HiddenDeath"]
[Result "1-0"]
[WhiteElo "2008"]
[BlackElo "1981"]
[Opening "English: four knights, kingside fianchetto"]
[ECO "A29"]
[Time "10:19:15"]
[TimeControl "2700+45"]

1. c4 e5 2. Nc3 Nc6 3. Nf3 Nf6 4. g3 d5 5. cxd5 Nxd5 6. Bg2 Be6 7. O-O Bc5 8.
Nxe5 Nxe5 9. d4 Nxc3 10. bxc3 Nd7 11. dxc5 c6 12. Bf4 O-O 13. Bd6 Re8 14. Qd4
Qc8 15. Rfd1 b5 16. Rd2 Qa6 17. e4 f6 18. f4 Bc4 19. e5 fxe5 20. fxe5 Nf8 21.
Rf2 Ne6 22. Qg4 Rac8 23. Be4 Bd5 24. Bxd5 cxd5 25. Raf1 h6 26. Qg6 Ng5 27. Rf7
Ne6 28. Rxg7+ Nxg7 29. Rf7 {Black resigns} 1-0

[Event "Team 45 45 League T51"]
[Site "Internet Chess Club"]
[Date "2011.12.10"]
[Round "5"]
[White "Fezzik"]
[Black "livis"]
[Result "1-0"]
[WhiteElo "2093"]
[BlackElo "1990"]
[Opening "QGD Slav: 3.Nf3"]
[ECO "D11"]
[Time "15:02:44"]
[TimeControl "2700+45"]

1. d4 d5 2. c4 c6 3. Nf3 g6 4. Nc3 Bg7 5. cxd5 cxd5 6. Bf4 Nf6 7. e3 O-O 8. Bd3
a6 9. h3 Nc6 10. Rc1 Re8 11. O-O e6 12. Na4 Nd7 13. Qb3 f5 14. Nc5 Nxc5 15. Rxc5
h6 16. Rfc1 Kh7 17. a3 Re7 18. Ne5 Bxe5 19. Bxe5 Rf7 20. Bh2 Kg7 21. Qc2 Bd7 22.
b4 Be8 23. Qd2 Qb6 24. Rb1 Rc8 25. a4 Qd8 26. b5 axb5 27. axb5 Ne7 28. Be5+ Kh7
29. Rbc1 Rxc5 30. dxc5 Nc8 31. Ra1 Ne7 32. Ra7 Ng8 33. Qa5 Qg5 34. Ra8 Qe7 35.
Qd8 Qxd8 36. Rxd8 Bd7 37. Rb8 {Black resigns} 1-0

[Event "Team 45 45 League T51"]
[Site "Internet Chess Club"]
[Date "2011.12.08"]
[Round "5"]
[White "gerailen0075"]
[Black "azbycx"]
[Result "0-1"]
[WhiteElo "1820"]
[BlackElo "1825"]
[Opening "Caro-Kann: Panov-Botvinnik attack, 5...g6"]
[ECO "B14"]
[Time "23:06:02"]
[TimeControl "2700+45"]

1. e3 c5 2. d4 cxd4 3. exd4 d5 4. c4 Nf6 5. Nc3 g6 6. Qb3 e6 7. cxd5 Nxd5 8. Nf3
Bg7 9. Bg5 Qb6 10. Qxb6 axb6 11. Bb5+ Bd7 12. Nxd5 exd5 13. Bxd7+ Nxd7 14. O-O
O-O 15. Rfe1 Rfe8 16. a3 Re4 17. Be3 Rc8 18. Rac1 Ree8 19. Kf1 Kf8 20. Ke2 Rc6
21. Kd3 Rec8 22. Bd2 Rxc1 23. Bxc1 Re8 24. Bf4 Rxe1 25. Nxe1 Ke7 26. Nc2 Ke6 27.
Nb4 Bf8 28. Kc3 Bd6 29. Bxd6 Kxd6 30. f3 Nb8 31. Nd3 Nc6 32. Nf2 h5 33. h4 Ke6
34. Nh3 Kf5 35. g3 Ke6 36. Ng5+ Ke7 37. Nh3 Ke6 38. Nf4+ Kd6 39. Ne2 Ke6 40. Nc1
f6 41. Nd3 g5 42. Nf2 gxh4 43. gxh4 Ne7 44. Kb4 Kd6 45. Nh3 Nf5 46. Kc3 Nxh4 47.
Nf4 Nxf3 48. Nxh5 f5 49. Nf4 Ng5 50. Kd3 Ne6 51. Ke3 Nxf4 52. Kxf4 Ke6 53. Kg5
b5 54. Kh4 Kf6 55. Kh5 b6 56. b3 b4 57. a4 f4 58. Kg4 f3 59. Kxf3 Kf5 60. Ke3
Kg4 {White resigns} 0-1

[Event "Team 45 45 League T51"]
[Site "Internet Chess Club"]
[Date "2011.12.10"]
[Round "5"]
[White "Ptzz"]
[Black "Chatica"]
[Result "0-1"]
[WhiteElo "2070"]
[BlackElo "2232"]
[Opening "English opening"]
[ECO "A10"]
[Time "11:09:32"]
[TimeControl "2700+45"]

1. c4 d6 2. g3 e5 3. Bg2 f5 4. Nc3 Nf6 5. d3 Be7 6. e4 c6 7. Nge2 O-O 8. O-O Na6
9. Kh1 Qe8 10. Bg5 fxe4 11. dxe4 Be6 12. b3 Qh5 13. Bxf6 Rxf6 14. Ng1 Bg4 15. f3
Rh6 16. h3 Be6 17. f4 exf4 18. Qxh5 Rxh5 19. gxf4 Bf6 20. Rac1 Nb4 21. a3 Nd3
22. Rc2 Ra5 23. a4 Ra6 24. Nge2 Rb6 25. Rd2 Nc5 26. Rxd6 Rxb3 27. e5 Be7 28. Rd4
Rf8 29. Rf3 Rb4 30. Ng3 Nxa4 31. Nxa4 Rxa4 32. Bf1 Bc5 33. Re4 g6 34. Kg2 Ra2+
35. Be2 a5 36. f5 Bxf5 37. Rh4 g5 38. Rh5 Be4 39. Rxg5+ Kh8 40. Nxe4 Rxe2+ 41.
Kg3 Rxe4 42. Rd3 Bd4 43. e6 Be5+ 44. Kg2 Re2+ {White resigns} 0-1

[Event "Team 45 45 League T51"]
[Site "Internet Chess Club"]
[Date "2011.12.13"]
[Round "5"]
[White "alexping"]
[Black "Despair"]
[Result "1/2-1/2"]
[WhiteElo "1935"]
[BlackElo "2008"]
[Opening "QGD: Albin counter-gambit"]
[ECO "D08"]
[Time "07:11:27"]
[TimeControl "2700+45"]

1. d4 d5 2. c4 e5 3. dxe5 d4 4. Nf3 Nc6 5. e3 Bb4+ 6. Bd2 dxe3 7. fxe3 Bf5 8.
Nc3 Nge7 9. a3 Bxc3 10. Bxc3 Qxd1+ 11. Rxd1 O-O 12. Bd3 Rfd8 13. Bxf5 Rxd1+ 14.
Kxd1 Nxf5 15. Ke2 Rd8 16. g4 Nfe7 17. Rd1 Rxd1 18. Kxd1 Nb8 19. Bd4 Nd7 20. Kc2
c5 21. Bc3 Nf8 22. Kd3 Ne6 23. h4 Kf8 24. Ke4 b6 25. Be1 g6 26. Ng1 Ng7 27. Ne2
h5 28. gxh5 Nxh5 29. Nc3 Ng7 30. Nb5 Nc6 31. Nc7 Nd8 32. b4 Nge6 33. Nd5 Nc6 34.
b5 Ne7 35. Nf6 Nf5 36. a4 Ke7 37. Nd5+ Kd7 38. Bf2 Kc8 39. Nf6 Kd8 40. h5 Ng5+
41. Kf4 Nh3+ 42. Kf3 gxh5 43. Nxh5 Nxf2 44. Kxf2 Nh4 45. Nf4 Ke7 46. Kg3 Ng6 47.
Nxg6+ fxg6 48. Kg4 Ke6 49. Kf4 Ke7 50. Ke4 Ke6 51. Kf4 Ke7 52. Ke4 Ke6 {Game
drawn by mutual agreement} 1/2-1/2

[Event "Team 45 45 League T51"]
[Site "Internet Chess Club"]
[Date "2011.12.11"]
[Round "5"]
[White "ivanson"]
[Black "Troparion"]
[Result "1/2-1/2"]
[WhiteElo "1832"]
[BlackElo "1849"]
[Opening "Bird's opening"]
[ECO "A03"]
[Time "14:00:25"]
[TimeControl "2700+45"]

1. f4 d5 2. Nf3 Nf6 3. b3 Bf5 4. Bb2 e6 5. e3 Nbd7 6. Be2 Bd6 7. O-O c6 8. Nh4
Qe7 9. Nxf5 exf5 10. Bf3 O-O 11. Nc3 Rfe8 12. Ne2 g6 13. Qe1 a5 14. a4 Ne4 15.
g4 fxg4 16. Bxg4 f5 17. Bh3 Bb4 18. c3 Bd6 19. Nd4 Qg7 20. Kh1 Qh6 21. Bxf5 gxf5
22. Rg1+ Kf8 23. Nxf5 Qh3 24. Nxd6 Nxd6 25. Rg3 Qf5 26. Rg5 Qe4+ 27. Kg1 Nc5 28.
Ba3 b6 29. Qh4 Nf7 30. Rh5 Qe7 31. Qxe7+ Rxe7 32. d4 Ne4 33. Bxe7+ Kxe7 34. Rxh7
Nxc3 35. Kf2 Ne4+ 36. Ke2 Rg8 37. Rc1 c5 38. dxc5 bxc5 39. Kd3 Rg2 40. Rc2 c4+
41. bxc4 Nc5+ 42. Kc3 Nxa4+ 43. Kb3 Nc5+ 44. Kc3 Na4+ 45. Kb3 Nc5+ 46. Kc3 {Game
drawn by mutual agreement} 1/2-1/2

[Event "Team 45 45 League T51"]
[Site "Internet Chess Club"]
[Date "2011.12.11"]
[Round "5"]
[White "zbence"]
[Black "pishd"]
[Result "1-0"]
[WhiteElo "1806"]
[BlackElo "1637"]
[Opening "Caro-Kann: exchange variation"]
[ECO "B13"]
[Time "11:07:58"]
[TimeControl "2700+45"]

1. e4 c6 2. d4 d5 3. exd5 cxd5 4. Bd3 Nc6 5. c3 Qc7 6. Ne2 Bg4 7. f3 Bd7 8. Bf4
e5 9. Bg3 Bd6 10. Nd2 Nge7 11. Qc2 h6 12. Rc1 Rc8 13. O-O h5 14. dxe5 Nxe5 15.
Bxe5 Bxe5 16. f4 Qb6+ 17. Kh1 Bf6 18. Nf3 O-O 19. Ned4 Nc6 20. Nxc6 bxc6 21. Ng5
Bxg5 22. fxg5 Qe3 23. g6 f6 24. Rce1 Qc5 25. Bf5 Qd6 26. Qe2 Rfe8 27. Qxh5 Re5
28. Rxe5 {Black resigns} 1-0

[Event "Team 45 45 League T51"]
[Site "Internet Chess Club"]
[Date "2011.12.11"]
[Round "5"]
[White "Ostap-Bender"]
[Black "rookmaster23"]
[Result "0-1"]
[WhiteElo "1363"]
[BlackElo "1552"]
[Opening "King's Indian: orthodox, Aronin-Taimanov variation (Yugoslav attack / Mar del Plata variation)"]
[ECO "E97"]
[Time "17:49:04"]
[TimeControl "2700+45"]

1. d4 Nf6 2. c4 g6 3. Nc3 Bg7 4. e4 d6 5. Be2 O-O 6. Nf3 e5 7. O-O Nc6 8. d5 Ne7
9. c5 dxc5 10. Be3 b6 11. Rc1 Ne8 12. Qc2 f5 13. Bg5 h6 14. Bxe7 Qxe7 15. Rfd1
Nd6 16. Nd2 f4 17. Nf3 g5 18. h3 h5 19. Nh2 Qe8 20. f3 Bd7 21. a4 Qg6 22. Ra1
Ne8 23. Bc4 Kh8 24. Qd2 g4 25. hxg4 hxg4 26. Nxg4 Bxg4 27. fxg4 Qxg4 28. Qf2 Bh6
29. Be2 Qg7 30. Rd3 Nf6 31. Rh3 Kh7 32. Qh4 Rg8 33. Rh2 Qg5 34. Qh3 Rg6 35. Rf1
Ng4 36. Bxg4 Qxg4 37. Rf3 Qxh3 38. Rfxh3 Rf8 39. Rh5 f3 40. Rxe5 fxg2 41. Rf5
Re8 42. Rf7+ Kg8 43. Rxc7 Be3# {White checkmated} 0-1

[Event "Team 45 45 League T51"]
[Site "Internet Chess Club"]
[Date "2011.12.18"]
[Round "5"]
[White "milesotoole"]
[Black "Zyme"]
[Result "1-0"]
[WhiteElo "1529"]
[BlackElo "1343"]
[Opening "Bird's opening"]
[ECO "A02"]
[Time "21:18:09"]
[TimeControl "2700+45"]

1. f4 Nc6 2. Nf3 b6 3. g3 Bb7 4. Bg2 e6 5. O-O Bc5+ 6. d4 Be7 7. Nc3 d5 8. Re1
Nf6 9. e4 dxe4 10. Nxe4 O-O 11. Nxf6+ Bxf6 12. c3 Qd6 13. Ne5 Rad8 14. Qa4 Na5
15. Bxb7 Nxb7 16. Qxa7 Na5 17. Qa6 Ra8 18. Qb5 Rfd8 19. Be3 Nb7 20. Nc6 Rd7 21.
f5 {Black resigns} 1-0

[Event "Team 45 45 League T51"]
[Site "Internet Chess Club"]
[Date "2011.12.10"]
[Round "5"]
[White "AtomicDog"]
[Black "chicopee-ed"]
[Result "1/2-1/2"]
[WhiteElo "1334"]
[BlackElo "1367"]
[Opening "Pirc: Ufimtsev-Pytel variation"]
[ECO "B07"]
[Time "10:00:34"]
[TimeControl "2700+45"]

1. e4 d6 2. d4 Nf6 3. Nc3 c6 4. f4 Bg4 5. Be2 Bxe2 6. Qxe2 e6 7. Nf3 d5 8. e5
Nfd7 9. O-O c5 10. Be3 cxd4 11. Nxd4 Nc6 12. Nxc6 bxc6 13. Qg4 g6 14. Rad1 Bc5
15. Bxc5 Nxc5 16. Kh1 f5 17. exf6 Qxf6 18. Rde1 Kf7 19. b4 Na6 20. Na4 Rhe8 21.
Nc5 Nxc5 22. bxc5 Rab8 23. Rb1 Qf5 24. Qe2 Kg8 25. Qd3 Rxb1 26. Rxb1 Qxf4 27.
Rf1 Qc7 28. Qf3 Qe7 29. Qf4 Rf8 30. Qxf8+ Qxf8 31. Rxf8+ Kxf8 32. Kg1 Kf7 33.
Kf2 Kf6 34. Ke3 Ke5 35. c3 h6 36. Kd3 Kf4 37. g3+ Kf3 38. Kd4 Kg2 39. Ke5 Kxh2
40. Kxe6 Kxg3 41. Kd6 h5 42. Kxc6 h4 43. Kd6 h3 44. c6 h2 45. c7 h1=Q 46. c8=Q
Qe4 {Game drawn by mutual agreement} 1/2-1/2

[Event "Team 45 45 League T51"]
[Site "Internet Chess Club"]
[Date "2011.12.11"]
[Round "5"]
[White "chesskix"]
[Black "BotanicalKnight"]
[Result "1-0"]
[WhiteElo "1518"]
[BlackElo "1513"]
[Opening "Caro-Kann: anti-anti-Caro-Kann defense"]
[ECO "B10"]
[Time "19:04:52"]
[TimeControl "2700+45"]

1. e4 c6 2. c4 d5 3. cxd5 cxd5 4. e5 Nc6 5. d4 a6 6. h3 Qc7 7. Nf3 Bf5 8. a3 e6
9. Nc3 b5 10. b4 Nxb4 11. axb4 Bxb4 12. Bd2 Bxc3 13. Bxc3 Qxc3+ 14. Nd2 Bd3 15.
Rc1 Qxd4 16. Bxd3 Qxd3 17. Qg4 Qg6 18. Qf3 Ne7 19. O-O Kd7 20. Qa3 Nc6 21. Qd6+
Ke8 {Black resigns} 1-0

[Event "Team 45 45 League T51"]
[Site "Internet Chess Club"]
[Date "2011.12.13"]
[Round "5"]
[White "The-Capitalist"]
[Black "Bible-Believer"]
[Result "0-1"]
[WhiteElo "1401"]
[BlackElo "1503"]
[Opening "Sicilian: Kan, 5.Bd3"]
[ECO "B42"]
[Time "21:03:53"]
[TimeControl "2700+45"]

1. e4 c5 2. Nf3 e6 3. d4 cxd4 4. Nxd4 a6 5. Bd3 Nc6 6. Nxc6 dxc6 7. Nd2 Qc7 8.
O-O Nf6 9. f4 Bc5+ 10. Kh1 O-O 11. Nc4 Rd8 12. e5 Ne4 13. Be3 Bxe3 14. Nxe3 Qb6
15. Nc4 Nf2+ 16. Kg1 Nh3+ 17. Kh1 Qg1+ {White resigns} 0-1

[Event "Team 45 45 League T51"]
[Site "Internet Chess Club"]
[Date "2011.12.11"]
[Round "5"]
[White "mrmarck"]
[Black "PostMike"]
[Result "1/2-1/2"]
[WhiteElo "1311"]
[BlackElo "1402"]
[Opening "Queen's Indian: 4.e3"]
[ECO "E14"]
[Time "14:33:30"]
[TimeControl "2700+45"]

1. d4 Nf6 2. Nf3 e6 3. e3 b6 4. c4 Bb7 5. Be2 c5 6. O-O d5 7. b3 Nbd7 8. Bb2 Bd6
9. Nbd2 O-O 10. Re1 Re8 11. h3 e5 12. dxe5 Bxe5 13. Nxe5 Nxe5 14. Nf3 Nxf3+ 15.
Bxf3 Ne4 16. Qc2 dxc4 17. Rad1 cxb3 18. axb3 Qe7 19. Rd3 Rad8 20. Red1 Rxd3 21.
Rxd3 Nd6 22. Bxb7 Nxb7 23. Qc3 f6 24. Qc4+ Kh8 25. Ba3 Rd8 26. Rxd8+ Qxd8 27. b4
cxb4 28. Bxb4 a5 29. Ba3 h6 30. Qc6 Nc5 31. Bxc5 bxc5 32. Qxc5 Qd1+ 33. Kh2 a4
34. Qf8+ Kh7 35. Qb4 Qb3 36. Qe4+ Kh8 37. Qe8+ Kh7 38. Qe4+ {Game drawn by
mutual agreement} 1/2-1/2

[Event "Team 45 45 League T51"]
[Site "Internet Chess Club"]
[Date "2011.12.11"]
[Round "5"]
[White "danmend"]
[Black "PT105"]
[Result "0-1"]
[WhiteElo "1172"]
[BlackElo "1317"]
[Opening "Danish gambit"]
[ECO "C21"]
[Time "15:30:26"]
[TimeControl "2700+45"]

1. e4 e5 2. d4 exd4 3. c3 dxc3 4. Bc4 cxb2 5. Bxb2 Bb4+ 6. Nd2 Nf6 7. Bxf6 Qxf6
8. Nf3 d6 9. O-O Bg4 10. Qa4+ Nc6 11. Bb5 Bc3 12. Rac1 O-O 13. Bxc6 bxc6 14.
Qxc6 Bxd2 15. Nxd2 Qg6 16. Kh1 Qg5 17. Nf3 Qf4 18. Qc3 Qxe4 19. Rfe1 Qb7 20. Re7
Rac8 21. h3 Bh5 22. Ng5 Qd5 23. Qg3 Qxa2 24. Rce1 a5 25. Ne6 Bg6 26. Nxf8 Rxf8
27. Re8 f6 28. Rxf8+ Kxf8 29. Qf3 Qa4 30. Qe3 Qe8 31. Qc3 Qd7 32. Qxa5 d5 33.
Rd1 Bf7 34. Rc1 c6 35. Qa8+ Be8 36. Qa5 d4 37. Rd1 Qd6 38. Qa7 c5 39. Qa3 Bb5
40. Rb1 Bc6 41. f3 d3 42. Rd1 Bb5 43. Qb3 Ba6 44. Qa3 Ke7 45. Re1+ Kd7 46. Qa4+
Kc7 47. Qa5+ Kb7 48. Rb1+ Ka7 49. Rd1 c4 50. Qa4 c3 51. Qa1 c2 52. Rg1 d2 53.
Qc3 d1=Q 54. Qe3+ Q1d4 55. Qc1 Qxg1+ 56. Qxg1+ Ka8 57. Qe3 Qd1+ 58. Kh2 c1=Q 59.
Qe8+ Kb7 60. Qe7+ Qc7+ 61. Qxc7+ Kxc7 {White resigns} 0-1

[Event "Team 45 45 League T51"]
[Site "Internet Chess Club"]
[Date "2011.12.12"]
[Round "5"]
[White "Stryker672"]
[Black "vael"]
[Result "1/2-1/2"]
[WhiteElo "1984"]
[BlackElo "1812"]
[Opening "Sicilian: Alapin's variation (2.c3)"]
[ECO "B22"]
[Time "18:00:17"]
[TimeControl "2700+45"]

1. e4 c5 2. c3 d5 3. exd5 Qxd5 4. d4 Nf6 5. Nf3 Bg4 6. Be2 e6 7. O-O Nc6 8. h3
Bh5 9. Be3 cxd4 10. Nxd4 Bxe2 11. Qxe2 Be7 12. Rd1 O-O 13. Nd2 Rfd8 14. N2f3 Ne5
15. Nxe5 Qxe5 16. Nf3 Qe4 17. Qb5 a6 18. Qb3 Rxd1+ 19. Rxd1 b5 20. Rd4 Qb1+ 21.
Rd1 Qe4 22. Rd4 Qb1+ 23. Rd1 Qe4 {Game drawn by repetition} 1/2-1/2

[Event "Team 45 45 League T51"]
[Site "Internet Chess Club"]
[Date "2011.12.08"]
[Round "5"]
[White "bshribharath"]
[Black "CzwartyWymiar"]
[Result "1-0"]
[WhiteElo "1805"]
[BlackElo "1783"]
[Opening "Pirc defense"]
[ECO "B07"]
[Time "07:01:52"]
[TimeControl "2700+45"]

1. e4 d6 2. d4 Nf6 3. Nc3 Nbd7 4. Bc4 e5 5. Nf3 exd4 6. Qxd4 c6 7. Bf4 Qc7 8.
O-O-O Be7 9. Bxd6 Bxd6 10. Qxd6 Qxd6 11. Rxd6 O-O 12. Rhd1 Re8 13. Bb3 Nc5 14.
Rd8 Bg4 15. Rxa8 Rxa8 16. Rd4 Re8 17. Nd2 Nxb3+ 18. Nxb3 Kf8 19. f3 Bc8 20. Kd2
Ke7 21. Ke3 Rd8 22. Rxd8 Kxd8 23. a4 Kc7 24. a5 Be6 25. Nc5 Bc8 26. Nd3 b6 27.
axb6+ axb6 28. Ne2 Ba6 29. Ne5 h6 30. b3 Kd6 31. Nd3 Nd7 32. Nd4 g6 33. h4 c5
34. Ne2 Ke6 35. Nc3 Nf6 36. Nf4+ Ke7 37. Nfd5+ Nxd5+ 38. Nxd5+ Kd6 39. Nxb6 Bf1
40. Nc4+ Ke7 41. Kf2 Bxc4 42. bxc4 g5 43. hxg5 hxg5 44. g3 Kf6 45. Ke3 {Black
resigns} 1-0

[Event "Team 45 45 League T51"]
[Site "Internet Chess Club"]
[Date "2011.12.10"]
[Round "5"]
[White "rahulr"]
[Black "FlyingTiger"]
[Result "1/2-1/2"]
[WhiteElo "1601"]
[BlackElo "1782"]
[Opening "Grünfeld with e3 & Bd3"]
[ECO "D94"]
[Time "19:00:40"]
[TimeControl "2700+45"]

1. d4 Nf6 2. c4 g6 3. Nc3 d5 4. Nf3 Bg7 5. e3 O-O 6. Bd3 c5 7. O-O cxd4 8. exd4
Nc6 9. cxd5 Nxd5 10. Be4 Be6 11. Re1 Rc8 12. Nxd5 Bxd5 13. Bxd5 Qxd5 14. Be3 Nb4
15. Re2 Rfd8 16. a3 Nc6 17. Rd2 a5 18. Rc1 e6 19. Rc5 Qd7 20. d5 exd5 21. Rcxd5
Qe8 22. b3 Rxd5 23. Rxd5 Qe6 24. Ng5 Qf6 25. Rd7 Rd8 26. Ne4 Qa1 27. Qxa1 Bxa1
28. Rxd8+ Nxd8 29. Bb6 Nc6 30. Nd6 Bd4 31. Bxd4 Nxd4 32. Nxb7 Nxb3 33. Kf1 Nd2+
34. Ke2 Nb1 35. Nxa5 Nxa3 36. Nc6 {Game drawn by mutual agreement} 1/2-1/2

[Event "Team 45 45 League T51"]
[Site "Internet Chess Club"]
[Date "2011.12.12"]
[Round "5"]
[White "MasterOfTheKeys"]
[Black "Signalman"]
[Result "1-0"]
[WhiteElo "1671"]
[BlackElo "1523"]
[Opening "Ruy Lopez: modern Steinitz defense"]
[ECO "C75"]
[Time "14:13:29"]
[TimeControl "2700+45"]

1. e4 e5 2. Nf3 Nc6 3. Bb5 a6 4. Ba4 d6 5. c3 Bd7 6. O-O Nge7 7. d4 Ng6 8. Be3
h6 9. h3 Be7 10. d5 Nb8 11. Bb3 Bg5 12. Qd2 Bxe3 13. Qxe3 a5 14. Nbd2 Na6 15.
Rac1 Nc5 16. Bc2 Nf4 17. Kh2 g5 18. Ng1 g4 19. g3 Ng6 20. f4 Qf6 21. fxe5 Qxe5
22. Nc4 Qe7 23. Rce1 Bb5 24. Qd4 Bxc4 25. Qxc4 Ne5 26. Qd4 h5 27. Rf5 Kd7 28.
Ref1 Rag8 29. h4 Rh6 30. b4 axb4 31. cxb4 Na6 32. Qa7 Qd8 33. Qxb7 Nb8 34. a4
Rf8 35. a5 Nc4 36. Qb5+ {Black resigns} 1-0

[Event "Team 45 45 League T51"]
[Site "Internet Chess Club"]
[Date "2011.12.11"]
[Round "5"]
[White "tsia68"]
[Black "koni"]
[Result "1/2-1/2"]
[WhiteElo "1812"]
[BlackElo "1877"]
[Opening "English: ultra-symmetrical variation"]
[ECO "A36"]
[Time "05:04:05"]
[TimeControl "2700+45"]

1. c4 c5 2. Nc3 Nc6 3. g3 g6 4. Bg2 Bg7 5. a3 a6 6. Rb1 Rb8 7. b4 cxb4 8. axb4
b5 9. cxb5 axb5 10. Nf3 Nf6 11. O-O O-O 12. Qb3 e6 13. h3 d5 14. d4 Ne8 15. e3
Nd6 16. Ne1 Nc4 17. Nd3 Ne7 18. Nc5 Nf5 19. Ra1 Qb6 20. Qa2 Bf6 21. Rd1 Re8 22.
Qa7 Bd8 23. Bd2 Qd6 24. Be1 Bb6 25. Nxb5 Qc6 26. Qxb8 Qxb5 27. Qa8 h5 28. Qa4
Nfd6 29. Qxb5 Nxb5 30. Rdc1 Kg7 31. Bf1 Nbd6 32. Ra8 Kf6 33. Rca1 Kg7 34. Bd3
Kf6 35. Kf1 Kg7 36. R1a2 Kf6 37. Ke2 Kg7 38. f3 Kf6 39. e4 Kg7 40. e5 Nb5 41.
Bxc4 dxc4 42. Ke3 Rd8 43. Rc2 Nxd4 44. Rxc4 Nxf3 45. Rxc8 Nxe5 46. Rxd8 Nxc4+
47. Kd4 Bxd8 48. Kxc4 Kf6 49. Nd3 Bc7 50. Bf2 Kf5 51. b5 Ke4 52. b6 Bb8 53. b7
Kf3 54. Be1 e5 55. Kd5 Ke2 56. Nxe5 Kxe1 57. Nxf7 Kf2 58. Ne5 Kxg3 59. Nxg6 Kxh3
60. Ke4 {Game drawn by mutual agreement} 1/2-1/2

[Event "Team 45 45 League T51"]
[Site "Internet Chess Club"]
[Date "2011.12.11"]
[Round "5"]
[White "kabindra"]
[Black "Ayensa80"]
[Result "1-0"]
[WhiteElo "1763"]
[BlackElo "1691"]
[Opening "French: Tarrasch, open variation"]
[ECO "C07"]
[Time "13:00:31"]
[TimeControl "2700+45"]

1. e4 e6 2. d4 d5 3. Nd2 c5 4. c3 Nc6 5. Ngf3 cxd4 6. cxd4 Bb4 7. e5 Qb6 8. a3
Qa5 9. Bd3 Nge7 10. O-O Bxd2 11. Bxd2 Qb6 12. Bc3 Bd7 13. Bc2 f6 14. exf6 gxf6
15. Rc1 O-O-O 16. Bd3 Kb8 17. Qd2 Rde8 18. Qf4+ e5 19. dxe5 fxe5 20. Nxe5 Nxe5
21. Bxe5+ Ka8 22. Bxh8 Rxh8 23. Qc7 Qxc7 24. Rxc7 Rd8 25. Rcc1 h5 26. b4 b5 27.
Rc5 a6 28. Re1 Bf5 29. Bxf5 Nxf5 30. Re5 {Black resigns} 1-0

[Event "Team 45 45 League T51 u"]
[Site "Internet Chess Club"]
[Date "2011.12.09"]
[Round "5"]
[White "barbak"]
[Black "Portola"]
[Result "1-0"]
[WhiteElo "1912"]
[BlackElo "1750"]
[Opening "French: Tarrasch"]
[ECO "C03"]
[Time "13:57:46"]
[TimeControl "2700+45"]

1. e4 e6 2. d4 d5 3. Nd2 dxe4 4. Nxe4 Be7 5. Bd3 Nd7 6. Nf3 Ngf6 7. Qe2 b6 8.
Bg5 Bb7 9. Nxf6+ Nxf6 10. O-O-O Nd5 11. Bxe7 Qxe7 12. g3 Nf6 13. Rhe1 O-O 14.
Ne5 a6 15. f4 Nd5 16. c3 b5 17. Qh5 Nf6 18. Qh4 Rae8 19. Ng4 h6 20. Nxh6+ gxh6
21. Qxh6 Be4 22. Bxe4 Nxe4 23. Rxe4 f5 24. Re5 Rf6 25. Qg5+ Kh7 26. Qh5+ Kg7 27.
Qe2 c6 28. Rg1 Rg6 29. Qf3 Qd7 30. g4 Rh8 31. h3 a5 32. g5 a4 33. Rc5 Rc8 34. h4
Kf7 35. h5 Rgg8 36. g6+ Kg7 37. h6+ Kh8 38. Qe2 Rce8 39. Qe5+ Rg7 40. hxg7+ Kg8
41. Rh1 Qxg7 42. Qxg7+ Kxg7 43. Rxc6 Kxg6 44. Rb6 {Black resigns} 1-0

[Event "Team 45 45 League T51"]
[Site "Internet Chess Club"]
[Date "2011.12.08"]
[Round "5"]
[White "Razorbackchess"]
[Black "room-matt"]
[Result "0-1"]
[WhiteElo "1721"]
[BlackElo "1730"]
[Opening "QGA: 3.e4"]
[ECO "D20"]
[Time "14:38:50"]
[TimeControl "2700+45"]

1. d4 d5 2. c4 dxc4 3. e4 e5 4. Nf3 exd4 5. Bxc4 Nc6 6. O-O Nf6 7. e5 Ng4 8. a3
Be6 9. Bb5 Bc5 10. Ng5 Bf5 11. Qf3 Qd7 12. Bc4 O-O-O 13. Nxf7 Ngxe5 14. Qb3 Nxf7
15. Bxf7 Rhf8 16. Qc4 Bb6 17. Bh5 Be6 18. Qa4 Rf5 19. Bg4 Ra5 20. Bxe6 Qxe6 21.
Qd1 Rf5 22. Nd2 Ne5 23. a4 a6 24. b4 Qg6 25. g3 h5 26. f3 d3+ 27. Kg2 h4 28. Ne4
hxg3 29. hxg3 Rh8 30. Rh1 Rfh5 31. Nf2 Rxh1 32. Nxh1 Qh5 33. Bf4 Qh2+ {White
resigns} 0-1

[Event "Team 45 45 League T51"]
[Site "Internet Chess Club"]
[Date "2011.12.09"]
[Round "5"]
[White "mongmong"]
[Black "pishd"]
[Result "0-1"]
[WhiteElo "1602"]
[BlackElo "1656"]
[Opening "Colle system"]
[ECO "D05"]
[Time "08:10:16"]
[TimeControl "2700+45"]

1. d4 d5 2. Nf3 e6 3. e3 Nf6 4. Bd3 c5 5. c3 Nc6 6. Nbd2 Bd6 7. Qe2 O-O 8. O-O
e5 9. dxc5 Bxc5 10. e4 Bg4 11. exd5 Nxd5 12. Nb3 Bb6 13. Rd1 Qe7 14. Bxh7+ Kxh7
15. Qe4+ f5 {White resigns} 0-1

[Event "Team 45 45 League T51"]
[Site "Internet Chess Club"]
[Date "2011.12.11"]
[Round "5"]
[White "eurander"]
[Black "CamLeslie"]
[Result "1-0"]
[WhiteElo "2174"]
[BlackElo "1807"]
[Opening "Sicilian: Alapin's variation (2.c3)"]
[ECO "B22"]
[Time "15:14:49"]
[TimeControl "2700+45"]

1. e4 c5 2. c3 g6 3. d4 cxd4 4. cxd4 d5 5. exd5 Nf6 6. Qa4+ Nbd7 7. Nc3 Bg7 8.
d6 O-O 9. Bd3 Nb6 10. Qa3 exd6 11. Nge2 d5 12. O-O Re8 13. Bf4 Nc4 14. Qb3 Na5
15. Qc2 Nc6 16. a3 Ng4 17. h3 Nh6 18. Rfe1 a6 19. Qb3 Rxe2 20. Bxe2 Nxd4 21.
Qxd5 Be6 22. Qxd8+ Rxd8 23. Rad1 Nhf5 24. Bg4 Kf8 25. Be5 Bxe5 26. Rxe5 h5 27.
Bxf5 Bxf5 28. Rd5 Rxd5 29. Nxd5 Nc6 30. Ne3 Be6 31. Kf1 {Black resigns} 1-0